Map: Ruines d’Endion

Players

zidar - Winner!

  • Race: Zerg Zerg
  • League: Gold
  • Spawn Location: 5:00

Iuliu

  • Race: Terran Terran
  • League: Gold
  • Spawn Location: 7:00

VOD

Have the link to the VOD?

Description

Time

  • Played on: June 15, 2016, 2:30 p.m.
  • Length: 16:33
Show
View Real Time Build Order
Export as new Build Order

zidar Zerg - Winner!

Build Orders: Hatch First 

Get SALT Encoding   

  12  0:02  Drone  
  13  0:12  Overlord  
  13  0:18  Drone  
  14  0:31  Drone x2  
  16  0:51  Hatchery  
  16  0:55  Drone  
  16  0:59  Extractor  
  16  1:01  Drone  
  16  1:18  Spawning Pool  
  15  1:25  Drone  
  15  1:27  Drone  
  17  1:33  Drone  
  18  1:43  Overlord  
  18  1:55  Drone  
  18  2:01  Drone  
  20  2:05  Queen  
  22  2:12  Queen  
  24  2:21  Metabolic Boost  
  24  2:28  Drone x2  
  26  2:54  Spore Crawler  
  26  2:55  Pneumatized Carapace  
  26  2:56  Spore Crawler  
  24  3:02  Drone x5  
  29  3:11  Spore Crawler  
  28  3:15  Lair  
  28  3:23  Zergling x4  
  30  3:34  Zergling x8  
  34  3:58  Baneling Nest  
  33  4:04  Spore Crawler  
  32  4:10  Extractor  
  32  4:11  Drone x5  
  32  4:12  Overlord  
  32  4:13  Overlord  
  36  4:38  Zergling x2  
  36  4:39  Zergling x18  
  41  4:50  Queen  
  39  5:06  Spire  
  34  5:23  Drone x6  
  34  5:24  Drone x2  
  37  5:46  Zergling x2  
  37  5:47  Zergling x6  
  41  5:52  Extractor  
  41  5:54  Extractor  
  36  6:18  Drone  
  36  6:19  Drone x3  
  39  6:26  Zergling x4  
  39  6:27  Zergling x6  
  44  6:45  Mutalisk x3  
  48  6:49  Mutalisk  
  49  7:02  Zergling x2  
  48  7:09  Queen  
  50  7:16  Zerg Flyer Weapons Level 1  
  50  7:23  Evolution Chamber  
  50  7:26  Overlord  
  50  7:27  Overlord x2, Evolution Chamber  
  48  7:45  Hatchery  
  48  7:50  Hatchery, Zerg Ground Armor Level 1  
  46  7:56  Drone x10  
  46  7:57  Drone x2  
  58  8:04  Queen  
  60  8:21  Zerg Missile Weapons Level 1  
  60  8:32  Hydralisk Den  
  59  8:39  Drone  
  60  8:42  Overlord x8  
  60  9:25  Roach Warren  
  60  9:29  Drone x6  
  66  9:38  Drone x6  
  66  9:39  Drone x8  
  66  9:44  Extractor  
  78  9:46  Extractor  
  77  10:08  Roach x6  
  77  10:09  Roach x6  
  101  10:38  Drone x4  
  101  10:39  Drone x4  
  109  11:00  Zerg Missile Weapons Level 2  
  109  11:03  Roach x3  
  109  11:04  Roach x10  
  135  11:07  Overlord  
  135  11:08  Overlord x2  
  135  11:37  Roach x12  
  159  11:40  Overlord x2  
  159  11:50  Evolution Chamber  
  158  11:56  Ravager  
  158  11:57  Ravager  
  158  11:58  Ravager x4  
  158  11:59  Ravager  
  165  12:04  Glial Reconstitution  
  162  12:15  Zerg Ground Armor Level 2  
  162  12:31  Roach x9  
  175  12:39  Overseer  
  175  12:43  Hatchery  
  175  12:44  Drone x2  
  176  12:46  Overlord x4  
  176  13:13  Ravager  
  176  13:14  Ravager x2  
  176  13:15  Ravager x5  
  184  13:20  Hydralisk  
  184  13:21  Hydralisk x7  
  200  13:36  Infestation Pit  
  148  14:18  Hatchery  
  112  14:33  Roach x12  
  112  14:34  Roach x19  
  172  14:45  Ravager  
  172  14:46  Ravager x7  
  111  16:04  Roach x15  
  111  16:05  Roach x9  
Show
View Real Time Build Order
Export as new Build Order

Iuliu Terran 

Build Orders: 1/1/1, Liberator Opening 

Get SALT Encoding   

  12  0:01  SCV  
  13  0:13  SCV  
  14  0:18  Supply Depot  
  14  0:25  SCV  
  15  0:39  SCV  
  15  0:40  Barracks  
  16  0:46  Refinery  
  16  0:50  Refinery  
  16  0:54  SCV  
  17  1:06  SCV  
  18  1:19  SCV  
  19  1:27  Barracks Tech Lab  
  19  1:30  Supply Depot  
  19  1:31  Orbital Command  
  19  1:43  Factory  
  19  1:47  Marine  
  20  1:57  Stimpack  
  20  2:02  SCV  
  20  2:05  Marine  
  22  2:14  SCV  
  23  2:23  Marine  
  23  2:26  Starport  
  23  2:27  Factory Reactor  
  23  2:29  SCV  
  25  2:41  Marine, SCV  
  27  2:53  SCV  
  27  2:56  Supply Depot  
  28  2:59  Marine  
  29  3:10  Factory Tech Lab, Medivac  
  31  3:17  Marine, Medivac  
  31  3:19  Supply Depot  
  34  3:20  SCV  
  35  3:30  Siege Tank  
  38  3:35  SCV  
  38  3:40  Marine  
  38  3:41  Liberator  
  40  3:42  Supply Depot  
  40  3:50  SCV  
  41  3:58  Marine  
  41  4:02  SCV  
  46  4:14  SCV  
  46  4:16  Marine  
  48  4:17  Siege Tank  
  51  4:26  SCV, Supply Depot  
  52  4:34  Marine  
  49  4:52  Marine  
  50  4:55  Siege Tank  
  50  5:09  Marine  
  51  5:14  SCV  
  52  5:26  SCV  
  52  5:27  Marine, Siege Tank  
  57  5:31  Command Center  
  57  5:45  Marine  
  58  5:50  SCV  
  59  6:00  Siege Tank  
  59  6:02  SCV  
  63  6:17  Supply Depot  
  63  6:34  Supply Depot  
  63  6:39  Marine, SCV, Medivac x2  
  69  6:51  SCV  
  69  6:52  Siege Tank  
  73  6:56  Marine  
  74  7:14  Marine  
  75  7:37  Command Center  
  75  8:00  Factory, SCV, Supply Depot  
  75  8:01  Barracks  
  75  8:04  Factory  
  76  8:06  Barracks  
  76  8:13  SCV  
  77  8:35  Marine  
  77  8:39  SCV  
  79  8:41  Orbital Command  
  79  8:51  SCV  
  79  8:52  Marine  
  81  8:56  Orbital Command  
  81  9:00  Engineering Bay  
  81  9:02  Refinery  
  81  9:03  Refinery, SCV  
  81  9:05  Refinery  
  81  9:08  Refinery  
  80  9:10  Marine  
  80  9:15  SCV  
  82  9:19  Supply Depot  
  82  9:20  Supply Depot  
  82  9:21  Barracks Reactor x2  
  88  9:31  Widow Mine  
  88  9:32  Widow Mine x2  
  88  9:34  Missile Turret  
  88  9:36  Missile Turret  
  88  9:45  Missile Turret, SCV x3  
  91  9:52  Missile Turret  
  91  9:53  Supply Depot  
  91  9:57  SCV x3  
  94  10:09  Marine x5  
  94  10:10  Siege Tank  
  106  10:14  Medivac  
  106  10:17  SCV x2  
  106  10:18  SCV  
  106  10:19  Widow Mine  
  106  10:20  Widow Mine  
  111  10:21  Terran Infantry Weapons Level 1  
  111  10:26  Marine  
  111  10:27  Marine x4  
  116  10:32  Missile Turret  
  116  10:34  SCV  
  116  10:35  SCV x2  
  119  10:42  Siege Tank  
  126  10:43  Combat Shield  
  126  10:44  Marine x2  
  126  10:46  SCV  
  126  10:47  SCV x2  
  126  10:48  Widow Mine x2, Medivac x2  
  135  10:50  Marine x3  
  135  10:57  Missile Turret  
  138  11:02  Marine x2  
  140  11:22  Factory Tech Lab x2  
  140  11:27  Missile Turret  
  140  11:28  Missile Turret  
  140  11:42  SCV  
  141  12:12  Marine x5, SCV x3  
  141  12:13  Supply Depot  
  149  12:15  Supply Depot  
  149  12:16  Terran Infantry Armor Level 1  
  149  12:18  Supply Depot  
  149  12:33  Supply Depot x2  
  149  12:35  Marine x4, SCV, Supply Depot, Siege Tank  
  149  12:37  Marine, SCV x2, Supply Depot  
  160  12:49  SCV x2  
  162  12:53  Marine x4  
  162  12:55  Marine  
  162  12:58  Supply Depot, Medivac x2  
  167  13:00  Siege Tank x2  
  173  13:07  Siege Tank  
  173  13:12  Marine  
  176  13:26  Armory  
  176  13:27  Medivac  
  176  13:28  Armory, Medivac  
  176  13:30  Marine x5  
  176  13:32  Armory  
  176  13:33  Siege Tank x2  
  191  13:39  Siege Tank  
  194  13:48  Marine x5  
  199  14:05  Marine  
  129  14:29  Marine x5  
  129  14:31  Siege Tank x2  
  131  14:47  Marine x5  
  138  14:58  Command Center  
  138  14:59  Widow Mine  
  138  15:05  Marine x2  
  144  15:07  Command Center  
  144  15:10  Widow Mine x2  
  144  15:12  Marine x3, Barracks  
  147  15:14  Barracks  
  147  15:15  Barracks  
  147  15:18  Factory  
  149  15:22  Marine, Command Center  
  149  15:23  Marine  
  149  15:28  Widow Mine  
  131  15:30  Marine x3  
  111  15:39  Widow Mine x2  
  111  15:40  Marine x2  
  103  15:48  Marine x3  
  107  15:56  Widow Mine  
  107  15:58  Marine x2  
  96  16:06  Marine x2  
Tags
 
Add a new tag
Caveats
  • Supply blocks, unpowered buildings, or Contaminate may cause inaccurate times.
  • Supply counts are checked every 10 seconds.